 Dungeon Crawl Stone Soup version 0.26.0-45-g9c1d065592 (webtiles) character file.

Game seed: 2393289842746293932

4501 Gauvater the Chopper (level 10, -3/92 HPs)
             Began as a Palentonga Fighter on Jan 28, 2021.
             Was a Priest of Qazlal.
             Slain by a killer bee (5 damage)
             ... on level 9 of the Dungeon.
             The game lasted 00:33:12 (10532 turns).

Gauvater the Chopper (Palentonga Fighter)          Turns: 10532, Time: 00:33:13

Health: -3/92      AC: 15    Str: 21 (22) XL:     10   Next: 16%
Magic:  13/13      EV:  8    Int:  5 (8)  God:    Qazlal [***...]
Gold:   557        SH: 10    Dex: 10 (11) Spells: 9/9 levels left

rFire    . . .     SeeInvis +   L - +4 hand axe "Filoxuor" {venom, +Inv}
rCold    . . .     Faith    .   P - +2 buckler
rNeg     + . .     Spirit   .   b - +0 scale mail
rPois    .         Reflect  .   (no helmet)
rElec    .         Harm     .   (no cloak)
rCorr    .         Rampage  .   u - +0 pair of gloves
Will     .....                  (no barding)
Stlth    ..........             (no amulet)
HPRegen  0.25/turn              I - ring of attention (curse)
MPRegen  0.13/turn              K - ring of positive energy

@: lethally poisoned (-3 -> -6), invisible, curled up
A: large, rugged brown scales 3, see invisible, deformed body, roll 1, armoured
tail, reflexive curl
a: Rolling Charge, Renounce Religion, Evoke Invisibility, Upheaval, Elemental
Force


You were on level 9 of the Dungeon.
You worshipped Qazlal.
Qazlal was most pleased with you.
You visited 2 branches of the dungeon, and saw 10 of its levels.
You also visited: Sewer.

You collected 557 gold pieces.

Inventory:

Hand Weapons
 a - a +0 war axe
 L - the +4 hand axe "Filoxuor" (weapon) {venom, +Inv}
   (You found it on level 6 of the Dungeon)

   It poisons the flesh of those it strikes.
   It lets you turn invisible.
 N - a +1 falchion of electrocution
Missiles
 j - 43 sling bullets
 r - 122 arrows
 w - 2 silver javelins
 y - 4 atropa-tipped darts
 F - 18 bolts
 Q - 2 silver boomerangs
 T - 57 poisoned darts
 W - 7 javelins
Armour
 b - a +0 scale mail (worn)
 c - a +0 kite shield
 u - a +0 pair of gloves (worn)
 P - a +2 buckler (worn)
Jewellery
 C - an uncursed ring of magical power
 G - an uncursed ring of wizardry
 I - a cursed ring of attention (left hand)
 K - a ring of positive energy (right hand)
 R - an uncursed amulet of guardian spirit {unknown}
Wands
 n - a wand of random effects (13)
 z - a wand of disintegration (10)
 A - a wand of paralysis (4)
 S - a wand of polymorph (5)
 V - a wand of acid (10)
 X - a wand of iceblast (9)
Scrolls
 d - 2 scrolls of noise
 k - 6 scrolls of teleportation
 m - a scroll of random uselessness
 o - 4 scrolls of enchant armour
 p - 4 scrolls of blinking
 t - 2 scrolls of enchant weapon {unknown}
 x - 3 scrolls of fog
 H - 2 scrolls of fear
 J - 3 scrolls of remove curse {unknown}
 M - a scroll of immolation {unknown}
 O - 2 scrolls of identify
 U - a scroll of magic mapping {unknown}
Potions
 e - 4 potions of degeneration
 f - a potion of invisibility
 g - 3 potions of heal wounds {unknown}
 h - 2 potions of ambrosia {unknown}
 i - 4 potions of curing {unknown}
 l - a potion of lignification {unknown}
 q - 4 potions of resistance {unknown}
 s - a potion of brilliance {unknown}
 v - 4 potions of flight {unknown}
 B - a potion of haste
 D - a potion of attraction {unknown}
 E - 2 potions of magic {unknown}


   Skills:
 * Level 7.0 Fighting
 + Level 7.4 Axes
 + Level 0.4 Throwing
 + Level 5.3 Armour
 + Level 2.6 Dodging
 + Level 0.7 Stealth
 + Level 5.3 Shields
 * Level 4.5 Invocations
 * Level 4.7 Evocations


You had 9 spell levels left.
You didn't know any spells.
Your spell library was empty.

Dungeon Overview and Level Annotations

Branches:
Dungeon (9/15)             Temple (1/1) D:5             Orc (0/2) D:9
  Sewer (visited)
   Lair: D:8-11

Altars:
Ashenzari
Cheibriados
Dithmenos
Elyvilon
Fedhas
Gozag
Hepliaklqana
Kikubaaqudgha
Makhleb
Nemelex Xobeh
Okawaru
Qazlal
Ru
Sif Muna
Trog
Uskayaw
Vehumet
Wu Jian
Xom
Yredelemnul
Zin
The Shining One

Annotations:
D:5 1 runed translucent door, kwass's ghost, novice OpVM
D:8 Gastronok


Innate Abilities, Weirdness & Mutations

You are completely covered in rugged brown scales. (AC +3, +7% HP)
You have supernaturally acute eyesight. (SInv)
Armour fits poorly on your strangely shaped body.
You can roll at nearby foes to attack.
You have a long armoured tail.
You curl defensively after being hit.


Message History

The killer bee closely misses you. The yak gores you but does no damage.
It was a potion of degeneration.
There was something very wrong with that liquid.
You feel weakened.
You feel dopey.
You feel clumsy. You block the killer bee's attack.
The killer bee stings you but does no damage.
The yak gores you but does no damage.
The killer bee stings you but does no damage.
You hit the killer bee but do no damage.
The killer bee is poisoned.
The killer bee stings you.
* * * LOW HITPOINT WARNING * * *
You are lethally poisoned!
The killer bee poisons you! You block the killer bee's attack.
* * * LOW HITPOINT WARNING * * *
You feel sick. The killer bee barely misses you.
It was a potion of invisibility.
You fade into invisibility!
* * * LOW HITPOINT WARNING * * *
You feel sick. The killer bee stings you.
You die...

.....# #.##.#####. #.
............ #..
###<#######.# #.#
#)..# #.# .o.
###)#.####..###)###
.......[...##..#..##
....#.##./##..#☼#..##
......##.##..#..@#..##
###......#))#..#.y#..#
##......#†#.)#.#°Y#.#
#........)#).#...#.)#
.........#.#..#.#.)#.#
#.#......#..#..#..#..#
#..#.#...##..#...#..##
#.#...##..##..#.#..##
#.##.# ##..##..#..##


You could see a yak (very poisoned) and a killer bee (very poisoned).

Vanquished Creatures
  A two-headed ogre (D:8)
  Pikel (D:4)
  Menkaure (D:7)
  3 sky beasts
  2 ice beasts
  2 phantoms (D:8)
  2 black bears
  An ogre (D:3)
  2 lemures
  A centaur (D:7)
  A big kobold (D:7)
  6 bullfrogs
  A wyvern skeleton (D:6)
  3 scorpions
  5 howler monkeys (D:7)
  5 crimson imps
  2 quasits
  A bullfrog zombie (D:9)
  A gnoll shaman (D:9)
  4 orc priests
  7 hounds
  2 jellies
  2 iguanas
  8 orc wizards
  4 worker ants
  2 hound zombies
  9 gnolls (D:9)
  11 adders
  3 white imps
  3 oozes (Sewer)
  An adder skeleton (D:4)
  5 worms
  A dart slug (D:4)
  12 leopard geckos
  28 orcs
  4 ball pythons
  15 bats
  5 giant cockroaches
  9 goblins
  6 hobgoblins
  6 jackals
  10 kobolds
  3 quokkas
  3 frilled lizards
  A leopard gecko zombie (D:6)
  A quokka skeleton (D:5)
  5 rats
211 creatures vanquished.

Notes
Turn   | Place    | Note
-------+----------+-------------------------------------------
     0 | D:1      | Gauvater the Palentonga Fighter began the quest for the
                  | Orb.
     0 | D:1      | Reached XP level 1. HP: 20/20 MP: 1/1
   154 | D:1      | Reached XP level 2. HP: 26/27 MP: 2/2
   574 | D:1      | Reached XP level 3. HP: 33/33 MP: 3/3
  1699 | D:3      | HP: 1/33 [orc/+0 war axe (1)]
  1700 | D:3      | Reached XP level 4. HP: 1/40 MP: 4/4
  2185 | D:3      | Noticed an ogre
  2192 | D:3      | Killed an ogre
  2193 | D:3      | Reached XP level 5. HP: 35/48 MP: 5/5
  2345 | D:3      | Found an iron altar of Okawaru.
  2629 | D:3      | Reached XP level 6. HP: 47/54 MP: 6/6
  2646 | D:3      | Reached skill level 1 in Dodging
  2788 | D:3      | Found a shimmering altar of Xom.
  3524 | D:4      | Found a snail-covered altar of Cheibriados.
  4070 | D:5      | Entered Level 5 of the Dungeon
  4103 | D:5      | Noticed Pikel
  4617 | D:4      | Killed Pikel
  4618 | D:4      | Reached skill level 5 in Axes
  4618 | D:4      | Gained mutation: You curl defensively after being hit.
                  | [Palentonga growth]
  4618 | D:4      | Reached XP level 7. HP: 14/64 MP: 7/7
  5049 | D:5      | Found a shimmering blue altar of Sif Muna.
  5133 | D:5      | Reached XP level 8. HP: 71/71 MP: 8/8
  5365 | D:5      | Found a staircase to the Ecumenical Temple.
  5374 | Temple   | Entered the Ecumenical Temple
  5441 | Temple   | Became a worshipper of Qazlal Stormbringer
  5526 | D:5      | Found a broken altar of Ashenzari.
  5589 | D:5      | Found a runed translucent door.
  5592 | D:5      | Noticed kwass's ghost (novice OpVM)
  5662 | D:5      | Found a sparkling altar of Nemelex Xobeh.
  6123 | D:6      | Got a smoking hand axe
  6124 | D:6      | Identified the +4 hand axe "Filoxuor" {venom, +Inv} (You
                  | found it on level 6 of the Dungeon)
  6276 | D:6      | Reached skill level 1 in Invocations
  6344 | D:6      | Found a hide-covered altar of Uskayaw.
  6694 | D:6      | Found a glowing drain.
  6698 | Sewer    | Entered a sewer
  7094 | Sewer    | Reached * piety under Qazlal
  7647 | D:6      | Reached skill level 5 in Fighting
  7977 | D:7      | You fall into a shaft and drop 1 floor!
  8071 | D:8      | Found a burning altar of Makhleb.
  8176 | D:8      | Noticed a two-headed ogre
  8178 | D:8      | Reached XP level 9. HP: 78/79 MP: 10/10
  8201 | D:8      | Killed a two-headed ogre
  8202 | D:8      | Reached skill level 5 in Armour
  8768 | D:8      | Reached ** piety under Qazlal
  8790 | D:8      | Reached skill level 5 in Shields
  8936 | D:8      | Noticed Gastronok
  9322 | D:7      | Noticed Menkaure
  9332 | D:7      | Killed Menkaure
  9821 | D:7      | Reached XP level 10. HP: 88/89 MP: 13/13
 10408 | D:9      | Found a staircase to the Orcish Mines.
 10515 | D:9      | Reached *** piety under Qazlal
 10530 | D:9      | HP: 4/92 [killer bee (6)]
 10532 | D:9      | Slain by a killer bee

Illustrated notes

Levels and vault maps discovered:
D:1:      nzn_arrival_crosshair, layout_loops_ring, minmay_misc_feat_rows
D:2:      layout_loops_ring
D:3:      layout_basic, okawaru_gym_becter, corexii_leaking_fountain,
          led_xom_imps
D:4:      layout_basic, cheibriados_altar_1
D:5:      layout_basic, nemelex_altar_shiori, old_standard_altar,
          overflow_temple_1_default, minmay_temple_entry_stoned_glass,
          gammafunk_ghost_grave, minmay_fire_ice_demons, uniq_pikel
D:6:      layout_layer_cave, old_standard_altar, gup_sewer_entry_spiral,
          minmay_quadrilaterals
D:7:      layout_loops_ring, minmay_misc_feat_plants, uniq_menkaure
D:8:      layout_loops_ring, amcnicky_altar_gilded, uniq_gastronok
D:9:      minmay_the_grid_octo_tiled_squarecenter
          [minmay_the_grid_octo_vomiting_pacman, minmay_the_grid_octo_chip,
          minmay_the_grid_octo_odd_swirl, minmay_the_grid_octo_thin_diamonds,
          minmay_the_grid_square_5x5_megaprize_hollow,
          minmay_the_grid_square_5x5_two, minmay_the_grid_square_5x5_hourglass,
          minmay_the_grid_square_5x5_z,
          minmay_the_grid_square_5x5_almost_minimal], layout_loops_ring
Temple:   eino_temple_rhombus

Skill      XL: |  1  2  3  4  5  6  7  8  9 10 |
---------------+-------------------------------+-----
Shields        | 3 4 5 |  5.3
Armour         | 3 4 5 |  5.3
Axes           | 3 5 6 7 |  7.4
Dodging        | 1 2 |  2.6
Fighting       | 4 5 6 7 |  7.0
Evocations     | 2 3 4 |  4.7
Invocations    | 2 4 |  4.5
Throwing       | |  0.4
Stealth        | |  0.7

Action                   |  1- 3 |  4- 6 |  7- 9 | 10-12 || total
-------------------------+-------+-------+-------+-------++-------
Melee: War axe           |   135 |   189 |    58 |       ||   382
       Tailslap          |     9 |    29 |    35 |    13 ||    86
       Hand axe          |       |       |   248 |    75 ||   323
       Dagger            |       |       |     8 |       ||     8
Throw: Dart              |       |     4 |     2 |       ||     6
       Javelin           |       |     1 |       |       ||     1
 Abil: Rolling Charge    |     7 |     5 |     9 |       ||    21
  Use: Potion            |     1 |       |       |     2 ||     3
       Scroll            |       |       |     8 |       ||     8
Armor: Scale mail        |    82 |   100 |   180 |    28 ||   390
Dodge: Dodged            |    34 |    54 |   108 |    27 ||   223
Block: Kite shield       |   101 |    98 |    94 |       ||   293
       Buckler           |       |       |    70 |    45 ||   115
